 Dungeon Crawl Stone Soup version 0.32-a0-543-gefe97123c3 (webtiles) character file.

Game seed: 14178954187942529310

102917 Essalna the Warrior (level 16, -16/116 HPs)
             Began as a Gargoyle Fire Elementalist on Feb 28, 2024.
             Was a High Priest of Vehumet.
             Demolished by a white ugly thing (28 damage)
             ... on level 2 of the Shoals on Feb 29, 2024.
             The game lasted 01:01:16 (28055 turns).

Essalna the Warrior (Gargoyle Fire Elementalist)   Turns: 28055, Time: 01:01:16

Health: -16/116    AC: 27    Str: 12    XL:     16   Next: 34%
Magic:  21/22      EV: 20    Int: 24    God:    Vehumet [*****.]
Gold:   2542       SH:  8    Dex: 10    Spells: 3/23 levels left

rFire   . . .        q - +2 trident (chaos)
rCold   . . .        n - +2 buckler
rNeg    + + .        H - +0 steam dragon scales
rPois   ∞            T - +1 hat {Will+}
rElec   +            u - +2 cloak
rCorr   .            F - +1 pair of gloves
SInv    .            (no boots)
Will    ++...        b - amulet of magic regeneration
Stlth   ++           f - +5 ring of evasion
HPRegen 0.39/turn    X - ring of the Octopus King {rN+ HP+2 AC+2 EV+2 SH+2}
MPRegen 0.58/turn

%: no passive effects
@: flying
A: sickness immunity, AC +12, big wings, negative energy resistance 1,
electricity resistance, torment resistance 1, petrification resistance
a: Renounce Religion


You were on level 2 of the Shoals.
You worshipped Vehumet.
Vehumet was extremely pleased with you.
You visited 5 branches of the dungeon, and saw 25 of its levels.
You also visited: Sewer, Ossuary and Gauntlet.

You collected 2542 gold pieces.

Inventory:

Hand Weapons
 q - a +2 trident of chaos (weapon)
Armour
 n - a +2 buckler (worn)
 u - a +2 cloak (worn)
 F - a +1 pair of gloves (worn)
 H - +0 steam dragon scales (worn)
 T - a +1 hat of willpower (worn)
Jewellery
 a - a +6 ring of intelligence
 b - an amulet of magic regeneration (around neck)
 f - a +5 ring of evasion (left hand)
 i - a ring of resist corrosion
 l - an amulet of reflection
 m - the ring of Ephemeral Luck {rCorr Dex+5 Stlth+}
   (You found it in a Gauntlet)

   [ring of resist corrosion]

   Dex+5:     It affects your dexterity (+5).
   rCorr:     It protects you from acid and corrosion.
   Stlth+:    It makes you more stealthy.
 r - a ring of fire
 M - a ring of protection from cold
 N - an amulet of the acrobat
 O - a ring of wizardry
 P - a ring of protection from cold
 S - a +4 ring of protection
 W - a +4 ring of protection
 X - a ring of the Octopus King (right hand) {rN+ HP+2 AC+2 EV+2 SH+2}
   (You found it in a Gauntlet)

   [ring of positive energy]

   AC+2:      It affects your AC (+2).
   EV+2:      It affects your evasion (+2).
   rN+:       It protects you from negative energy.
   HP+2:      It affects your health (+2).
   SH+2:      It affects your SH (+2).
 Y - an amulet of regeneration
Wands
 t - a wand of paralysis (12)
 C - a wand of mindburst (13)
 G - a wand of flame (39)
 L - a wand of light (7)
Scrolls
 d - 5 scrolls of revelation
 h - 6 scrolls of fog
 s - 4 scrolls of enchant armour
 y - 11 scrolls of teleportation
 B - 3 scrolls of enchant weapon
 E - 3 scrolls of fear
 I - 2 scrolls of blinking
 K - 2 scrolls of immolation
 Q - a scroll of identify
 V - 2 scrolls of brand weapon
 Z - a scroll of poison
Potions
 c - 7 potions of attraction
 e - 7 potions of ambrosia
 g - 2 potions of enlightenment
 j - a potion of magic
 k - 3 potions of heal wounds
 o - 7 potions of brilliance
 p - 9 potions of haste
 v - 3 potions of resistance
 w - 9 potions of curing
 x - 3 potions of degeneration
 z - 3 potions of invisibility
 A - 6 potions of lignification
 D - 4 potions of mutation
 J - a potion of cancellation
 R - a potion of might
Miscellaneous
 U - a box of beasts


   Skills:
 + Level 18.1 Fighting
 - Level 8.0 Armour
 - Level 6.0 Dodging
 - Level 2.1 Stealth
 - Level 4.0 Shields
 - Level 4.0 Spellcasting
 - Level 11.0 Conjurations
 - Level 15.2 Fire Magic
 + Level 8.3 Ice Magic
 - Level 6.0 Air Magic


You had 3 spell levels left.
You knew the following spells:

 Your Spells              Type           Power      Damage    Failure   Level
a - Foxfire               Conj/Fire      100%       2x1d9     1%          1
b - Scorch                Fire           100%       2d9       1%          2
c - Flame Wave            Conj/Fire      61%        2d14      1%          4
d - Plasma Beam           Fire/Air       27%        2x1d39    7%          6
e - Ozocubu's Refrigerat  Ice            22%        4d12      63%         7

Your spell library contained the following spells:

 Spells                   Type           Power      Damage    Failure   Level
 Freeze                   Ice            100%       1d10      1%          1
 Kiss of Death            Conj/Necr      100%       2d13      1%          1
 Sting                    Conj/Alch      100%       1d9       1%          1
 Mercury Vapours          Alch/Air       38%        N/A       1%          2
 Frozen Ramparts          Ice            88%        1d14      1%          3
 Hailstorm                Conj/Ice       50%        3d10      1%          3
 Inner Flame              Hex/Fire       41%        N/A       1%          3
 Volatile Blastmotes      Fire/Tloc      82%        2d16      1%          3
 Ensorcelled Hibernation  Hex/Ice        48%        N/A       3%          2
 Swiftness                Air            33%        N/A       3%          3
 Jinxbite                 Hex            8%         N/A       21%         2
 Confusing Touch          Hex            4%         N/A       36%         3
 Fugue of the Fallen      Necr           4%         N/A       36%         3
 Passwall                 Erth           4%         N/A       36%         3
 Tukima's Dance           Hex            4%         N/A       36%         3
 Arcjolt                  Conj/Air       22%        1d32      3%          5
 Iskenderun's Mystic Bla  Conj/Tloc      31%        2d8       4%          4
 Olgreb's Toxic Radiance  Alch           4%         N/A       32%         4
 Vhi's Electric Charge    Tloc/Air       38%        N/A       36%         4
 Yara's Violent Unravell  Hex/Alch       2%         3d3       63%         5
 Silence                  Hex/Air        9%         N/A       71%         5
 Anguish                  Hex/Necr       2%         N/A       78%         4
 Animate Dead             Necr           4%         N/A       78%         4
 Dimensional Bullseye     Hex/Tloc       2%         N/A       78%         4
 Dispel Undead            Necr           4%         3d7       78%         4
 Passage of Golubria      Tloc           4%         N/A       78%         4
 Borgnjor's Vile Clutch   Necr/Erth      2%         N/A       98%         5
 Summon Forest            Summ/Tloc      2%         N/A       98%         5
 Eringya's Noxious Bog    Alch           2%         4d6       99%         6
 Death Channel            Necr           2%         N/A       100%        6
 Enfeeble                 Hex            2%         N/A       100%        7
 Summon Hydra             Summ           2%         N/A       100%        7
 Lehudib's Crystal Spear  Conj/Erth      15%        10d5      100%        8
 Death's Door             Necr           2%         N/A       100%        9
 Polar Vortex             Ice            22%        12d2*     100%        9


Dungeon Overview and Level Annotations

Branches:
Dungeon (15/15)            Temple (1/1) D:5            Lair (5/5) D:9
 Shoals (2/4) Lair:2        Snake (0/4) Lair:2        Slime (0/5) Lair:5
    Orc (2/2) D:11            Elf (0/3) Orc:2        Vaults (0/5) D:13
 Depths (0/4) D:15          Sewer (visited)         Ossuary (visited)
Gauntlet (visited)

Altars:
Ashenzari
Cheibriados
Dithmenos
Elyvilon
Fedhas
Gozag
Hepliaklqana
Kikubaaqudgha
Makhleb
Nemelex Xobeh
Okawaru
Qazlal
Ru
Sif Muna
Trog
Uskayaw
Vehumet
Wu Jian
Xom
Yredelemnul
Zin
The Shining One

Shops:
D:10 ?   Shoals:1 !*

Portals:
Ice
Cave: Shoals:2

Annotations:
D:15 Roxanne
Orc:2 Donald


Innate Abilities, Weirdness & Mutations

You are immune to sickness and miasma.
Your stone body is resilient. (AC +12)
You are immune to poison.
Your large and strong wings let you fly.
You resist negative energy. (rN+)
You are resistant to electric shocks. (rElec)
You are resistant to unholy torment.
You are immune to petrification.


Message History

You finish channelling waves of flame.
You are no longer glowing.
The manticore is engulfed in a cloud of scalding steam.
The brown ugly thing basks in the mutagenic energy from its kin and changes!
Casting: Flame Wave (safe; 1% risk of failure)
Confirm with . or Enter, or press ? or * to list all spells.
Casting: Flame Wave (safe; 1% risk of failure)
Press: ? - help, Dir - look around, f - activate A wave of flame ripples out!
The flame wave engulfs the manticore!
You kill the manticore!
Vehumet accepts your kill.
The flame wave engulfs the white ugly thing!
The white ugly thing is severely wounded.
The flame wave engulfs the white ugly thing!
You kill the white ugly thing!
Vehumet accepts your kill.
You feel your power returning. (Press . to intensify the flame waves.)
The white ugly thing completely misses you.
A wave of flame ripples out!
The flame wave engulfs the white ugly thing.
The white ugly thing is moderately wounded.
The flame wave engulfs the white ugly thing!
The white ugly thing is almost dead.
The white ugly thing basks in the mutagenic energy from its kin and changes!
The white ugly thing is engulfed in a cloud of scalding steam.
The white ugly thing punches you.
* * * LOW HITPOINT WARNING * * *
The white ugly thing freezes you!
* * * LOW HITPOINT WARNING * * *
A wave of flame ripples out!
The flame wave engulfs the white ugly thing!!
The white ugly thing is severely wounded.
The flame wave engulfs the brown ugly thing!!
You kill the brown ugly thing!
Vehumet accepts your kill.
You feel your power returning. The white ugly thing punches you.
* * * LOW HITPOINT WARNING * * *
The white ugly thing freezes you!!
You die...

~.....~~~~~~~~~~~...,,,,,,,,,**,,
~.~~..~~~≈~~~~~......#.,,*,,,,,,,
....~~~~~~~~~~~.........,,,,,,,,,
.##$~~.....~~~$....#....,,,*,,,,,
...~~......§.§..........,,,,,,,,,
..~~~..............#...∩,,,*,,,,,
~~~~....................,,,,,,,,,
~~~~~.......§§§)††.#....,,,*,,,,,
~~~~~......§§§§§@u......,,,,,,,,,
≈≈~~~~~...~§§§§§§†.§.#..,*,,,,,,,
≈≈≈~~~~~~~~~§§§§§§§.....,,,,,,,,,
≈≈≈≈≈~~~~~~~§§§§~§§.....,,,,,,,,~
~≈≈≈≈≈≈~~~≈≈≈≈≈§~~§§....,,,,,,,,~
~~≈≈≈≈≈≈≈≈≈≈≈≈≈≈≈~~~~...,,,,,,,~~
~~~≈≈≈≈≈≈≈≈≈≈≈≈§≈≈~~~~~~,,,,,,,~~
~~~~~~≈≈≈≈≈≈≈≈≈≈≈≈≈≈≈≈≈≈~~~~~~~~~
~~~~~~~~~~~~~~~~~~~~~~~~~~~~~~~~~


You could see a white ugly thing.

Vanquished Creatures
  Polyphemus (Shoals:1)
  Gastronok (Lair:2)
  A tentacled starspawn (Lair:4)
  A stone giant (D:15)
  A minotaur (Gauntlet)
  The ghost of Aquxosh the Thaumaturge, a journeyman HuCj of Sif Muna (Lair:4)
  An ettin (D:13)
  2 merfolk impalers (Shoals:1)
  7 hydras
  Erica (Lair:2)
  5 centaur warriors
  8 boulder beetles
  A two-headed ogre (D:10)
  A catoblepas (Shoals:1)
  7 death yaks
  5 tengu warriors (D:15)
  Sonja (Lair:3)
  Nergalle (D:12)
  4 skysharks
  3 sea snakes
  A deep troll (D:13)
  9 skeletal warriors
  An orc knight (D:15)
  5 harpies
  Pikel (D:7)
  A lindwurm (Lair:5)
  13 fauns
  2 wolf spiders (Lair:2)
  4 deep elf pyromancers
  7 manticores
  9 ugly things
  3 large abominations (Gauntlet)
  3 cyclopes
  4 merfolk sirens
  3 kobold blastminers (Orc:1)
  3 elephants (Lair:1)
  A guardian serpent (Lair:2)
  12 black mambas
  A torpor snail (Lair:5)
  A water nymph (Shoals:1)
  8 cane toads
  2 gargoyles
  2 kobold demonologists (D:11)
  A rime drake (Lair:4)
  2 efreet (D:15)
  A freezing wraith (D:15)
  2 unseen horrors
  6 komodo dragons
  6 merfolk (Shoals:1)
  3 tengu conjurers
  2 polar bears
  4 trolls
  A queen bee (shapeshifter) (D:13)
  Grinder (D:6)
  Prince Ribbit (Lair:1)
  17 blink frogs
  5 dream sheep
  2 hornets (Gauntlet)
  2 snapping turtles (Shoals:1)
  9 slime creatures
  A yak (shapeshifter) (D:15)
  A human (Lair:4)
  11 wyverns
  A water elemental (Shoals:2)
  9 wraiths
  A shadow (D:10)
  33 yaks
  A human (shapeshifter) (D:13)
  9 steam dragons
  4 basilisks
  8 vampire mosquitoes
  2 wargs
  2 acid dragons (D:11)
  2 swamp worms (Gauntlet)
  Menkaure (D:6)
  20 water moccasins
  2 ice beasts
  4 black bears
  A sky beast (D:7)
  7 orc warriors
  A black bear (shapeshifter) (D:13)
  A crocodile (Sewer)
  6 small abominations (Gauntlet)
  7 wolves
  5 ogres
  5 boggarts (D:15)
  7 centaurs
  4 lemures (D:7)
  9 kobold brigands
  11 bullfrogs
  3 scorpions
  11 wights
  2 howler monkeys (D:8)
  An electric eel (D:11)
  Crazy Yiuf (D:3)
  7 orc priests
  2 bombardier beetles
  A hound (D:6)
  3 jellies
  A sleepcap (D:7)
  3 iguanas
  11 orc wizards
  Ijyb (D:3)
  A boggart simulacrum (D:12)
  8 mummies (Ossuary)
  8 gnolls
  10 adders
  4 river rats
  2 shadow imps
  2 white imps
  A dart slug (D:4)
  8 ribbon worms
  32 orcs
  11 ball pythons
  4 endoplasms
  2 giant cockroaches
  5 goblins
  8 hobgoblins
  6 jackals
  21 kobolds
  2 quokkas
  6 bats
  4 frilled lizards
  2 gnoll zombies (Ossuary)
  2 hobgoblin zombies (Ossuary)
  4 kobold zombies (Ossuary)
  8 rats
  2 starspawn tentacles (Lair:4)
600 creatures vanquished.

Vanquished Creatures (collateral kills)
  37 foxfires
37 creatures vanquished.

Vanquished Creatures (others)
  A steam dragon (Lair:5)
  A phantom (D:7)
  A gnoll sergeant (D:13)
  2023 foxfires
2026 creatures vanquished.

Grand Total: 2663 creatures vanquished

Notes
Turn   | Place    | Note
-------+----------+-------------------------------------------
     0 | D:1      | Essalna the Gargoyle Fire Elementalist began the quest for
                  | the Orb.
     0 | D:1      | Reached XP level 1. HP: 10/10 MP: 3/3
    52 | D:1      | Reached XP level 2. HP: 10/15 MP: 3/5
   437 | D:1      | Reached XP level 3. HP: 19/19 MP: 3/6
  1161 | D:2      | Reached XP level 4. HP: 18/24 MP: 1/8
  1954 | D:3      | Reached XP level 5. HP: 28/28 MP: 3/9
  2313 | D:3      | Found a runed translucent door.
  2314 | D:3      | Noticed Crazy Yiuf
  2392 | D:3      | Learned a level 2 spell: Scorch
  2994 | D:3      | Noticed Ijyb
  2995 | D:3      | Paralysed by Ijyb for 4 turns
  3008 | D:3      | Killed Ijyb
  3326 | D:3      | Killed Crazy Yiuf
  3327 | D:3      | Reached XP level 6. HP: 32/32 MP: 2/11
  3468 | D:4      | Found a sand-covered staircase.
  3477 | Ossuary  | Entered an ossuary
  3853 | Ossuary  | Reached skill level 1 in Fighting
  4344 | D:4      | Reached skill level 2 in Fighting
  4344 | D:4      | Reached XP level 7. HP: 39/40 MP: 10/13
  4476 | D:4      | Reached skill level 5 in Fire Magic
  5156 | D:4      | Found a snail-covered altar of Cheibriados.
  5196 | D:5      | Entered Level 5 of the Dungeon
  5221 | D:5      | Found a glowing drain.
  5296 | D:5      | Reached skill level 3 in Fighting
  5299 | D:5      | Found a staircase to the Ecumenical Temple.
  5305 | Temple   | Entered the Ecumenical Temple
  5314 | Temple   | Became a worshipper of Vehumet
  5342 | D:5      | Reached skill level 5 in Conjurations
  5355 | Sewer    | Entered a sewer
  5694 | Sewer    | Reached XP level 8. HP: 42/48 MP: 5/14
  5945 | Sewer    | Reached skill level 4 in Fighting
  6072 | D:5      | Found a shimmering blue altar of Sif Muna.
  6424 | D:5      | Reached skill level 5 in Fighting
  6751 | D:5      | Learned a level 4 spell: Flame Wave
  6817 | D:6      | Noticed Menkaure
  6822 | D:6      | Killed Menkaure
  6968 | D:6      | Reached * piety under Vehumet
  6968 | D:6      | Offered knowledge of Magic Dart by Vehumet.
  6969 | D:6      | Reached skill level 1 in Armour
  6969 | D:6      | Reached XP level 9. HP: 31/54 MP: 5/15
  7315 | D:6      | Noticed Grinder
  7322 | D:6      | Killed Grinder
  7323 | D:6      | Reached skill level 6 in Fighting
  7959 | D:7      | Found a sparkling altar of Nemelex Xobeh.
  8183 | D:7      | Noticed Pikel
  8196 | D:7      | Killed Pikel
  8838 | D:7      | Reached XP level 10. HP: 51/61 MP: 10/16
  8844 | D:7      | Reached skill level 7 in Fighting
  8957 | D:7      | Found a hazy altar of Hepliaklqana.
  9343 | D:8      | You fall into a shaft and drop 1 floor!
  9539 | D:8      | Reached ** piety under Vehumet
  9539 | D:8      | Offered knowledge of Momentum Strike by Vehumet.
 10555 | D:9      | Found an opulent altar of Gozag.
 10555 | D:9      | Found a blossoming altar of Fedhas.
 10562 | D:9      | Reached skill level 5 in Armour
 10888 | D:9      | Found a staircase to the Lair.
 11157 | D:10     | Entered Level 10 of the Dungeon
 11348 | D:10     | Killed an unseen horror
 11442 | D:10     | Reached skill level 8 in Fighting
 11571 | D:10     | Noticed a two-headed ogre
 11581 | D:10     | Killed a two-headed ogre
 11582 | D:10     | Reached skill level 5 in Dodging
 11582 | D:10     | Reached XP level 11. HP: 62/68 MP: 6/17
 11865 | D:10     | Found Qyluff's Magic Scroll Boutique.
 12096 | D:11     | Noticed a sixfirhy
 12102 | D:11     | Offered knowledge of Mephitic Cloud by Vehumet.
 12183 | D:11     | Noticed a manticore
 12192 | D:11     | Killed a manticore
 12628 | D:11     | Got the Spellbook of the Tomb and Frost
 12926 | D:11     | Found a staircase to the Orcish Mines.
 13051 | D:11     | Reached *** piety under Vehumet
 13339 | D:11     | Noticed a boulder beetle
 13518 | D:12     | Noticed Nergalle
 13538 | D:12     | Killed Nergalle
 13657 | D:12     | Reached skill level 9 in Fighting
 13888 | D:12     | Noticed a green ugly thing
 13895 | D:12     | Killed a green ugly thing
 14026 | D:12     | Noticed a cyan ugly thing
 14033 | D:12     | Killed a cyan ugly thing
 14040 | D:12     | Offered knowledge of Ignite Poison by Vehumet.
 14041 | D:12     | Reached skill level 10 in Conjurations
 14250 | Lair:1   | Entered Level 1 of the Lair of Beasts
 14256 | Lair:1   | Reached skill level 1 in Shields
 14310 | Lair:1   | Reached XP level 12. HP: 69/76 MP: 15/18
 14432 | Lair:1   | Noticed Prince Ribbit
 14436 | Lair:1   | Reached skill level 10 in Fire Magic
 14440 | Lair:1   | Killed Prince Ribbit
 14444 | Lair:1   | Reached **** piety under Vehumet
 14728 | Lair:1   | Reached skill level 10 in Fighting
 14822 | Lair:1   | Offered knowledge of Frozen Ramparts by Vehumet.
 15430 | Lair:2   | Found a staircase to the Shoals.
 15496 | Lair:2   | Noticed an eight-headed hydra
 15497 | Lair:2   | Reached skill level 11 in Fighting
 15500 | Lair:2   | Killed an eight-headed hydra
 15933 | Lair:2   | Found a staircase to the Snake Pit.
 15938 | Lair:2   | Reached XP level 13. HP: 84/84 MP: 10/19
 15942 | Lair:2   | Noticed Erica
 15952 | Lair:2   | Killed Erica
 15969 | Lair:2   | Noticed Gastronok
 15988 | Lair:2   | Killed Gastronok
 15989 | Lair:2   | Reached skill level 12 in Fighting
 16533 | Lair:3   | Noticed Sonja
 16537 | Lair:3   | Killed Sonja
 17279 | Lair:4   | Reached ***** piety under Vehumet
 17284 | Lair:4   | Offered knowledge of Starburst by Vehumet.
 17508 | Lair:4   | Reached skill level 13 in Fighting
 18663 | Lair:4   | Reached skill level 14 in Fighting
 18760 | Lair:4   | Gained mutation: Your large and strong wings let you fly.
                  | [Gargoyle growth]
 18760 | Lair:4   | Reached XP level 14. HP: 76/96 MP: 13/20
 19401 | Lair:4   | Found a runed translucent door.
 19422 | Lair:4   | Noticed a tentacled starspawn
 19433 | Lair:4   | Killed a tentacled starspawn
 19591 | Lair:4   | Found a large runed translucent door.
 19592 | Lair:4   | Found a large runed translucent door.
 19804 | Lair:4   | Noticed Aquxosh's ghost (journeyman HuCj)
 19816 | Lair:4   | Killed Aquxosh's ghost
 19936 | Lair:5   | Entered Level 5 of the Lair of Beasts
 20034 | Lair:5   | Found a gate leading to a gauntlet.
 20043 | Gauntlet | Entered a Gauntlet
 20043 | Gauntlet | Found a transporter.
 20043 | Gauntlet | Found a transporter.
 20043 | Gauntlet | Found a transporter.
 20162 | Gauntlet | Found a transporter.
 20174 | Gauntlet | Found a transporter.
 20175 | Gauntlet | Found a transporter.
 20184 | Gauntlet | Found a transporter.
 20196 | Gauntlet | Found the ring of the Octopus King
 20204 | Gauntlet | Found a transporter.
 20222 | Gauntlet | Found a transporter.
 20223 | Gauntlet | Found a transporter.
 20230 | Gauntlet | Found a transporter.
 20233 | Gauntlet | Found a transporter.
 20354 | Gauntlet | Reached skill level 15 in Fighting
 20363 | Gauntlet | Identified the +0 pair of gloves of the Tick {Slay+5}
 20372 | Gauntlet | Offered knowledge of Plasma Beam by Vehumet.
 20395 | Gauntlet | Identified a ring of the Octopus King {rN+ HP+2 AC+2 EV+2
                  | SH+2}
 20519 | Gauntlet | Identified the amulet "Ciob" {Spirit ^Drain +Inv rPois
                  | SInv}
 20541 | Gauntlet | Identified the ring of Ephemeral Luck {rCorr Dex+5 Stlth+}
 20802 | Lair:5   | Reached skill level 15 in Fire Magic
 21065 | Lair:4   | Upgraded the game from 0.32-a0-534-ga61f84b8bd to
                  | 0.32-a0-543-gefe97123c3
 21218 | Orc:1    | Entered Level 1 of the Orcish Mines
 21482 | Orc:1    | Learned a level 6 spell: Plasma Beam
 21483 | Orc:2    | Entered Level 2 of the Orcish Mines
 21483 | Orc:2    | Found a staircase to the Elven Halls.
 21600 | Orc:2    | Noticed Donald
 21728 | D:11     | Reached skill level 1 in Air Magic
 22418 | D:13     | Reached skill level 16 in Fighting
 22471 | D:13     | Reached XP level 15. HP: 88/104 MP: 6/21
 22832 | D:13     | Found a gate to the Vaults.
 23041 | D:13     | Reached skill level 5 in Air Magic
 23995 | D:14     | Offered knowledge of Ozocubu's Refrigeration by Vehumet.
 24004 | D:14     | Learned a level 7 spell: Ozocubu's Refrigeration
 24304 | D:14     | Reached skill level 1 in Ice Magic
 24499 | D:14     | Found a sacrificial altar of Ru.
 24772 | D:15     | Entered Level 15 of the Dungeon
 25098 | D:15     | Found a staircase to the Depths.
 25988 | D:15     | Reached skill level 5 in Ice Magic
 26043 | D:15     | Noticed Roxanne
 26194 | D:15     | Reached skill level 17 in Fighting
 26709 | Shoals:1 | Entered Level 1 of the Shoals
 26961 | Shoals:1 | Found Gynuirhi's Distillery.
 27012 | Shoals:1 | Reached XP level 16. HP: 55/112 MP: 22/22
 27201 | Shoals:1 | Found Rahecik's General Store.
 27709 | Shoals:2 | Noticed Polyphemus
 27892 | Shoals:1 | Killed Polyphemus
 28042 | Shoals:2 | Reached skill level 18 in Fighting
 28044 | Shoals:2 | Found a glacial archway.
 28055 | Shoals:2 | Demolished by a white ugly thing

Illustrated notes

Levels and vault maps discovered:
D:1:      minmay_arrival_doors, layout_basic
D:2:      layout_rooms
D:3:      minmay_wonky_spiral, layout_basic, uniq_crazy_yiuf_cottage, uniq_ijyb
D:4:      layout_basic, slow_altar_2, mainiacjoe_ossuary_entry_dusty_tomb
D:5:      layout_rooms, lemuel_crystal_altar, temple_statues,
          portal_sewer_entry_b
D:6:      layout_rooms, uniq_grinder, uniq_menkaure
D:7:      layout_rooms, nicolae_hepliaklqana_hippocampus, amcnicky_altar_gilded,
          serial_glass, glass_columns_a, glass_columns_a, glass_columns_b,
          glass_columns_a, glass_columns_a, glass_columns_a, dk_noncrumbling_4,
          corexii_hall_statues_l, minmay_hedge_maze, uniq_pikel
D:8:      layout_basic
D:9:      layout_roguey, gammafunk_temple_overflow_wave, lair_entry_dummy,
          kennysheep_small_spiral, st_stairs_9
D:10:     layout_rooms, serial_shops, nicolae_shop_rolled_up,
          hangedman_decor_slide_cut
D:11:     layout_irregular_city, minmay_orc_entry_guard_dogs, minivault_14,
          minivault_23
D:12:     layout_irregular_city, uniq_nergalle
D:13:     layout_roguey, david_vaults_4, kennysheep_pointless_box
D:14:     layout_irregular_city, serial_rivers, chequers_serial_rivers_large_a,
          chequers_serial_rivers_small_a, chequers_serial_rivers_room_a,
          chequers_serial_rivers_micro_b, chequers_serial_rivers_small_b,
          chequers_serial_rivers_micro_a, nicolae_ru_the_path_less_chosen,
          minmay_gold_behind_fungi, grunt_decor_mini_mirrors
D:15:     grunt_enter_depths_snipers, layout_rooms, minmay_misc_feat_columns,
          uniq_roxanne
Temple:   eino_temple_scatter_basement
Lair:1:   layout_roguey, cheibrodos_lair_reptile_den, serial_bayou_shore_a,
          uniq_prince_ribbit2
Lair:2:   layout_regular_city, nicolae_shoals_entry_roost,
          minmay_snake_entry_spellcaster, nicolae_lair_run_with_the_wolves,
          uniq_gastronok, uniq_erica
Lair:3:   layout_misc_corridors, grunt_megastairs_1, uniq_sonja
Lair:4:   nzn_winding_woodlands_stair_trap
          [nzn_winding_woodlands_5x15_sidewinder,
          nzn_winding_woodlands_5x15_eye, nzn_winding_woodlands_5x15_zeroes,
          nzn_winding_woodlands_15x15_five_gardens,
          nzn_winding_woodlands_5x15_sawtooth,
          nzn_winding_woodlands_5x15_crooked, nzn_winding_woodlands_5x15_pool],
          layout_regular_city, ebering_ghost_disaster_area,
          pdpol_lair_cabin_in_the_woods
Lair:5:   cheibrodos_lair_end_hotspot, layout_regular_city,
          dpeg_slime_entry_enclosed, gauntlet_entry_generic,
          bobbens_dragon_lair_wall
Shoals:1: layout_shoals, serial_shops, shop, nicolae_shoals_c_island
Shoals:2: layout_shoals, portal_ice_cave_entry_ugly_swarm, serial_shops, shop,
          uniq_polyphemus
Orc:1:    layout_diamond_mine
Orc:2:    grunt_orc_community_town_hall, layout_caves,
          grunt_orc_community_big_house_2, grunt_orc_community_big_house_1,
          grunt_orc_community_house_3, grunt_orc_community_house_3,
          grunt_orc_community_house_3, grunt_orc_community_house_3,
          nicolae_shop_gadgets, uniq_saint_roka, uniq_donald, uniq_josephine

Skill      XL: |  1  2  3  4  5  6  7  8  9 10 11 12 13 14 15 16 |
---------------+-------------------------------------------------+-----
Conjurations   | 2 3 4 5 6 7 9 10 11 | 11.0
Spellcasting   | 3 4 |  4.0
Fire Magic     | 4 5 6 7 8 9 11 13 15 | 15.2
Fighting       | 2 3 5 6 8 9 11 14 16 17 18 | 18.1
Armour         | 1 4 6 7 8 |  8.0
Dodging        | 2 3 5 6 |  6.0
Shields        | 1 4 |  4.0
Air Magic      | 3 6 |  6.0
Ice Magic      | 6 8 |  8.3
Stealth        | |  2.1

Action                     |  1- 3 |  4- 6 |  7- 9 | 10-12 | 13-15 | 16-18 || total
---------------------------+-------+-------+-------+-------+-------+-------++-------
  Melee: Unarmed           |    53 |       |       |       |       |       ||    53
         Punch             |     1 |       |       |       |       |       ||     1
         Dagger            |    31 |     3 |       |       |       |       ||    34
         Trident           |       |    21 |    40 |    97 |    92 |       ||   250
   Cast: Foxfire           |    60 |   157 |   287 |   269 |   388 |     5 ||  1166
         Scorch            |       |     4 |    10 |    63 |   181 |    11 ||   269
         Flame Wave        |       |       |     3 |    48 |   106 |    20 ||   177
         Plasma Beam       |       |       |       |       |    65 |       ||    65
  Evoke: Wand              |       |       |       |       |     3 |       ||     3
    Use: Scroll            |     1 |     9 |     1 |    13 |    11 |     2 ||    37
         Potion            |       |       |       |     1 |     3 |       ||     4
   Stab: Sleeping          |       |     3 |       |     3 |       |       ||     6
 Armour: Robe              |    65 |    22 |    42 |   157 |   181 |       ||   467
         Steam dragon scal |       |       |       |       |   217 |    53 ||   270
  Dodge: Dodged            |    64 |    33 |    55 |   188 |   450 |    71 ||   861
         Repelled          |     1 |     2 |     1 |     7 |     3 |       ||    14
  Block: Other             |       |    10 |    18 |    29 |       |       ||    57
         Reflection        |       |     2 |     3 |     2 |       |       ||     7
         Buckler           |       |       |       |    19 |   176 |    32 ||   227

Table legend: (Time is in decaauts)
 A = Elapsed time spent in this place.
 B = Non-inter-level travel time spent in this place.
 C = Inter-level travel time spent in this place.
 D = Time resting spent in this place.
 E = Time spent auto-exploring this place.
 F = Levels seen in this place.
 G = Mean time per level.
                   A        B        C        D        E       F      G
               +--------+--------+--------+--------+--------+-----+--------+
         Total |  28257 |  26934 |   1323 |    610 |  21562 |  28 | 1009.2 |
       Dungeon |  18031 |  17227 |    804 |    506 |  13973 |  15 | 1202.1 |
        Temple |     18 |      2 |     16 |      0 |      0 |   1 |   18.0 |
          Lair |   6510 |   6159 |    351 |     13 |   4887 |   5 | 1302.0 |
        Shoals |   1345 |   1252 |     93 |      0 |   1002 |   2 |  672.5 |
  Orcish Mines |    414 |    356 |     58 |     91 |    190 |   2 |  207.0 |
         Sewer |    785 |    785 |      0 |      0 |    629 |   1 |  785.0 |
       Ossuary |    645 |    645 |      0 |      0 |    542 |   1 |  645.0 |
      Gauntlet |    505 |    505 |      0 |      0 |    338 |   1 |  505.0 |
               +--------+--------+--------+--------+--------+-----+--------+

Top non-repeatable levels by time:
  Lair:4: 2766 daAuts
    D:11: 1748 daAuts
     D:3: 1685 daAuts
    D:15: 1544 daAuts
    D:13: 1533 daAuts
    D:12: 1287 daAuts
Shoals:1: 1273 daAuts
  Lair:1: 1247 daAuts
     D:7: 1240 daAuts
     D:6: 1200 daAuts
  Lair:2: 1136 daAuts
    D:14: 1116 daAuts
     D:4: 1092 daAuts
     D:8: 1044 daAuts
     D:9: 964 daAuts
